 Dungeon Crawl Stone Soup version 0.30-a0-652-gcc886f7154 (webtiles) character file.

Game seed: 16782730473428640234

7364 wormed the Transmogrifier (level 10, -5/75 (84) HPs)
             Began as a Felid Chaos Knight on Jan 17, 2023.
             Was an Initiate of Gozag.
             Slain by a soul eater (11 damage)
             ... in a Gauntlet.
             The game lasted 00:50:56 (18216 turns).

wormed the Transmogrifier (Felid Chaos Knight)     Turns: 18216, Time: 00:50:56

HP:   -5/75 (84)    AC: 11    Str:  7 (8)  XL:     10   Next: 91%
MP:   8/22          EV: 15    Int: 25 (26) God:    Gozag
Gold: 991           SH:  0    Dex: 20 (21) Spells: 12/24 levels left
                                        Lives: 0   Deaths: 3

rFire   . . .      SeeInvis +      - Unarmed
rCold   + + +      Faith    .    (shield unavailable)
rNeg    . . .      Spirit   .    (body armour unavailable)
rPois   +          Reflect  .    (helmet unavailable)
rElec   +          Harm     .    (cloak unavailable)
rCorr   .          Rampage  .    (gloves unavailable)
Will    ++...      NoTele   +    (boots unavailable) Stlth
                                 c - amulet of the acrobat
HPRegen 0.32/turn                g - ring "Humygi" {Fire Int+9}
MPRegen 0.18/turn                q - ring "Eciezil" {rElec rC+ Dex+6}

@: berserking (expiring), ice-form, heavily drained, very quick
A: freezing attack, amphibious, boosted hp, large, (claws 1), (fangs 3), see
invisible, (speed 1), (shaggy fur 2), (stealthy paws), no weapons or thrown
items, no armour, multi-lived, (antennae 1), clumsy 1, (cold resistance 1),
deterioration 1, strong-willed 1, screaming 1, evolution 1
a: End Transformation, Renounce Religion, Potion Petition, Call Merchant, Bribe
Branch


You were in a Gauntlet.
You worshipped Gozag.
Gozag was pleased with you.
You were a creature of crystalline ice.
You visited 3 branches of the dungeon, and saw 13 of its levels.
You also visited: Gauntlet.

You collected 2491 gold pieces.
You spent 919 gold pieces at shops.
You paid 581 gold pieces to Gozag.

Inventory:

Jewellery
 b - a +4 ring of protection
 c - an amulet of the acrobat (around neck)
 g - the ring "Humygi" (left front paw) {Fire Int+9}
   (You bought it in a shop on level 6 of the Dungeon)

   [ring of fire]

   It enhances your fire magic.
   Int:       It affects your intelligence (+9).
   rF:        It protects you from fire.
   rC:        It makes you vulnerable to cold.
 q - the ring "Eciezil" (right front paw) {rElec rC+ Dex+6}
   (You acquired it on level 5 of the Dungeon)

   [ring of dexterity]

   Dex:       It affects your dexterity (+6).
   rC:        It protects you from cold.
   rElec:     It insulates you from electricity.
Scrolls
 d - 2 scrolls of magic mapping
 f - a scroll of fog
 h - 2 scrolls of teleportation
Potions
 i - 3 potions of flight
 m - a potion of invisibility
 n - 3 potions of might
 o - 2 potions of ambrosia {unknown}
 p - 3 potions of magic {unknown}
Miscellaneous
 a - a piece from Xom's chessboard (15/15)


   Skills:
 + Level 7.0 Fighting
 + Level 8.9 Dodging
 + Level 9.0 Stealth
 + Level 7.0 Unarmed Combat
 + Level 7.9 Spellcasting
 - Level 0.3 Conjurations
 - Level 5.0 Summonings
 + Level 10.9 Transmutations
 - Level 5.0 Ice Magic


You had 12 spell levels left.
You knew the following spells:

 Your Spells              Type           Power      Damage    Failure   Level
a - Ice Form              Ice/Tmut       49%        N/A       2%          4
b - Summon Ice Beast      Ice/Summ       34%        N/A       8%          4
c - Blink                 Tloc           18%        N/A       10%         2
d - Magic Dart            Conj           44%        1d5       5%          1
e - Summon Small Mammal   Summ           100%       N/A       1%          1

Your spell library contained the following spells:

 Spells                   Type           Power      Damage    Failure   Level
 Call Imp                 Summ           34%        N/A       1%          2
 Passwall                 Tmut/Erth      30%        N/A       1%          2
 Call Canine Familiar     Summ           34%        N/A       2%          3
 Frozen Ramparts          Ice            68%        1d11      2%          3
 Apportation              Tloc           18%        N/A       6%          1
 Necrotise                Necr           36%        1d5       6%          1
 Sandblast                Erth           18%        2d7       6%          1
 Summon Guardian Golem    Hex/Summ       22%        N/A       7%          3
 Momentum Strike          Conj/Tloc      20%        3d8       9%          2
 Lesser Beckoning         Tloc           18%        N/A       10%         2
 Mephitic Cloud           Conj/Pois/Air  10%        N/A       17%         3
 Stone Arrow              Conj/Erth      20%        3d8       17%         3
 Kindle Blastsparks       Fire/Tloc/Air  28%        2d12      19%         3
 Fulminant Prism          Conj/Hex       5%         3d7       50%         4
 Iskenderun's Mystic Bla  Conj/Tloc      10%        2d4       50%         4
 Lee's Rapid Deconstruct  Erth           4%         3d5*      86%         5
 Lehudib's Crystal Spear  Conj/Erth      5%         10d3      100%        8
 Animate Armour           Summ/Erth      Unusable   N/A       N/A         4

Dungeon Overview and Level Annotations

Branches:
Dungeon (9/15)             Temple (1/1) D:5            Lair (3/5) D:8
 Spider (0/4) Lair:2      Gauntlet (1/1)
  Swamp: Lair:2-3    Shoals: Lair:2-3       Orc: D:9-12

Altars:
Ashenzari
Cheibriados
Dithmenos
Elyvilon
Fedhas
Gozag
Hepliaklqana
Kikubaaqudgha
Nemelex Xobeh
Okawaru
Qazlal
Ru
Sif Muna
Trog
Uskayaw
Vehumet
Wu Jian
Xom
Yredelemnul
Zin
The Shining One
Jiyva

Shops:
D:5 *!?   D:6 =

Annotations:
D:3 Robin
D:7 2 runed translucent doors, Vylera's ghost, novice DjWn
D:9 Pikel
Lair:1 3 runed translucent doors, Rijiq's ghost, journeyman GrEE Gauntlet 16 transporters, 21 runed translucent doors, exclusions: ice statue and 2 lightning spires


Innate Abilities, Weirdness & Mutations

You are a creature of crystalline ice.
You have a powerful freezing melee attack.
You are amphibious.
Your maximum health is increased.
((You have sharp claws.))
((You have razor-sharp teeth.))
You have supernaturally acute eyesight. (SInv)
((You cover ground quickly. (Speed+)))
((You are covered in thick fur. (AC +2)))
((Your paws help you pounce on unaware monsters.))
You are incapable of wielding weapons or throwing items.
You cannot wear armour.
You gain extra lives every three experience levels.
((You have a pair of small antennae on your head.))
You are clumsy. (Dex -2)
((Your flesh is cold resistant. (rC+)))
Your body sometimes deteriorates upon taking damage.
You are strong-willed. (Will+)
You occasionally shout uncontrollably at your foes.
You have hidden genetic potential.


Message History

The soul eater hits you!
* * * LOW HITPOINT WARNING * * *
You feel drained.
* * * LOW HITPOINT WARNING * * *
You hit the soul eater but do no damage.
The soul eater is moderately wounded.
You barely miss the soul eater.
The soul eater is moderately wounded.
The adder changes into a ball python!
The soul eater hits you but does no damage.
The shadow imp shouts, "Turn tail, thou pribbling tip-merry surfacer!"
You pummel the soul eater!!
The soul eater is severely wounded.
You hit the soul eater but do no damage.
The soul eater is severely wounded.
The soul eater closely misses you.
You hit the soul eater.
The soul eater is severely wounded.
The soul eater draws from the surrounding life force!
* * * LOW HITPOINT WARNING * * *
The soul eater is healed.
You hit the soul eater.
The soul eater is severely wounded.
You barely miss the soul eater.
The soul eater is severely wounded.
The soul eater hits you.
* * * LOW HITPOINT WARNING * * *
You feel drained.
You hit the soul eater but do no damage.
The soul eater is severely wounded.
You punch the soul eater! You freeze the soul eater.
The soul eater is almost dead.
The soul eater barely misses you.
You hit the soul eater.
The soul eater is almost dead.
You completely miss the soul eater.
The soul eater is almost dead.
The soul eater hits you!
You die...
Your body crumbles into a pile of gold.

#.#....©....#.#...^#^...#.#....©.
#.##..#^#..##.#...#©#...#.#.#....
#.#.##...##.#.#..#...#..#.#h##...
#.#..#...#..#.#.#.....#.#.#..##.#
#.#...#.#..w#.##yyy....##.#......
#################################
.......©#≈≈§§8≈§≈≈#©...........©.
######################### #####.#
≈≈#©.........©.3Y......©# §8≈≈#.#
######################### #####.#
......#.#!.#.©5#55#.#S... ....#.#
###...#.##..#.#.5##.#.##. ##.#.#
.#....#.#.#..#..#.#.#..##.##..#.#
.#©.#.#.#..#...#..#.#...#.#..?#.#
#####.#.##..#.#..##.#....©#..©#©#
.#..#.#.#.#..#..#.#.#...#.#..=###
.#....#.#..#.©.#..#.#..##.##..#..


You could see a soul eater, a torpor snail, 3 meliai, 4 shadow imps and a ball
python shaped shifter.

Vanquished Creatures
  3 elephants
  A black mamba (Lair:3)
  A cane toad (Lair:1)
  A komodo dragon (Lair:2)
  2 rime drakes (Lair:1)
  A troll (D:5)
  2 blink frogs (Lair:2)
  A hornet (D:9)
  A wyvern (D:8)
  A jumping spider (Lair:2)
  10 yaks
  A basilisk (Lair:1)
  A steam dragon (D:9)
  Menkaure (D:5)
  A redback (Lair:2)
  2 acid dragons (D:8)
  4 water moccasins
  A spectral yak (Lair:2)
  A spectral blink frog (Lair:2)
  4 sky beasts
  3 orc warriors
  An ice beast (D:6)
  2 black bears
  3 ogres
  11 wolves
  A boggart (shapeshifter) (D:7)
  6 centaurs
  A lemure (D:9)
  A spectral basilisk (Lair:2)
  A phantom (D:6)
  9 bullfrogs
  5 scorpions
  A necrophage (D:5)
  6 wights
  Dowan (D:4)
  10 killer bees (D:9)
  2 howler monkeys
  3 gnoll boudas
  4 hounds
  5 orc priests
  3 jellies
  2 iguanas
  15 orc wizards
  9 gnolls
  6 adders
  3 shadow imps
  A white imp (D:6)
  2 worms
  A dart slug (D:3)
  45 orcs
  5 ball pythons
  5 endoplasms
  5 giant cockroaches
  9 goblins
  9 hobgoblins
  6 kobolds
  3 quokkas
  A frilled lizard (D:1)
  3 rats
249 creatures vanquished.

Vanquished Creatures (collateral kills)
  A two-headed ogre (D:8)
  A gargoyle (D:9)
  A komodo dragon (Lair:1)
  A blink frog (Lair:2)
  4 yaks
  A basilisk (Lair:3)
  A spectral cane toad (Lair:2)
  Duvessa (D:4)
  2 water moccasins (Lair:1)
  2 black bears
  An ice beast (D:6)
  2 wolves
  An ogre (D:5)
  A centaur (D:8)
  A lemure (D:9)
  3 bullfrogs
  A wight (D:8)
  3 killer bees (D:9)
  2 howler monkeys (D:8)
  A jelly (D:8)
  2 hounds
  A gnoll bouda (D:8)
  An orc priest (D:5)
  5 gnolls
  An adder (D:4)
  A dart slug (D:5)
  6 orcs
  An endoplasm (D:4)
  2 giant cockroaches
  5 goblins (D:3)
  A hobgoblin (D:3)
  2 kobolds
  3 ball pythons (D:4)
62 creatures vanquished.

Vanquished Creatures (others)
  16 fungi
  13 plants
  14 withered plants (Gauntlet)
43 creatures vanquished.

Grand Total: 354 creatures vanquished

Notes
Turn   | Place    | Note
-------+----------+-------------------------------------------
     0 | D:1      | wormed the Felid Chaos Knight began the quest for the Orb.
     0 | D:1      | Reached XP level 1. HP: 10/10 MP: 2/2
    90 | D:1      | XOM: silly message
   317 | D:1      | Reached XP level 2. HP: 14/14 MP: 3/3
   377 | D:1      | Reached skill level 1 in Stealth
   450 | D:1      | Learned a level 1 spell: Magic Dart
  1227 | D:2      | XOM: summons 1 hostile demon
  1325 | D:2      | Learned a level 1 spell: Summon Small Mammal
  1492 | D:2      | Reached XP level 3. HP: 17/17 MP: 5/5
  1730 | D:2      | XOM: summons 1 hostile demon
  1735 | D:2      | Reached skill level 1 in Spellcasting
  1817 | D:2      | XOM: give mutations
  1817 | D:2      | Gained mutation: You occasionally shout uncontrollably at
                  | your foes. [Xom's mischief]
  1817 | D:2      | Gained mutation: You are clumsy. (Dex -2) [Xom's mischief]
  1975 | D:2      | XOM: smoke on damage
  1982 | D:2      | Reached skill level 1 in Summonings
  1982 | D:2      | Reached XP level 4. HP: 20/21 MP: 3/6
  2269 | D:3      | Noticed Robin
  2451 | D:3      | XOM: polymorph rat -> glowing shapeshifter
  2712 | D:3      | XOM: noise
  3019 | D:3      | Found a faded altar of an unknown god.
  3276 | D:4      | Reached XP level 5. HP: 19/24 MP: 6/8
  3387 | D:4      | XOM: fog
  3582 | D:4      | XOM: give mutations
  3582 | D:4      | Gained mutation: Your mind is acute. (Int +4, Str/Dex -1)
                  | [Xom's grace]
  3582 | D:4      | Gained mutation: You are covered in thick fur. (AC +2)
                  | [Xom's grace]
  3582 | D:4      | Gained mutation: You have a pair of small horns on your
                  | head. [Xom's grace]
  3611 | D:4      | XOM: 4-stop teleportation journey
  3623 | D:4      | Learned a level 2 spell: Blink
  3640 | D:4      | XOM: polymorph rat -> quokka
  3993 | D:4      | XOM: polymorph bat -> jackal
  4076 | D:4      | XOM: chaos upgrade
  4152 | D:4      | XOM: give mutation
  4152 | D:4      | Lost mutation: Your mind is acute. (Int +4, Str/Dex -1)
                  | [Xom's mischief]
  4171 | D:4      | Found a glowing silver altar of Zin.
  4174 | D:4      | Noticed Duvessa
  4174 | D:4      | Noticed Dowan
  4179 | D:4      | XOM: summons 3 hostile shadow creatures
  4207 | D:4      | HP: 1/25 [iguana[Xom] (10)]
  4207 | D:4      | XOM: smoke on damage
  4325 | D:4      | XOM: silly message
  4494 | D:5      | Entered Level 5 of the Dungeon
  4504 | D:5      | Found Ynaodghet's Distillery.
  4506 | D:5      | Noticed an ogre
  4580 | D:5      | Noticed Menkaure
  4586 | D:5      | XOM: chaos cloud
  4594 | D:5      | XOM: 3-stop teleportation journey
  4595 | D:5      | Noticed a black bear
  4599 | D:5      | Found a sparkling altar of Nemelex Xobeh.
  4600 | D:5      | Found a hazy altar of Hepliaklqana.
  4601 | D:5      | Found a shadowy altar of Dithmenos.
  4601 | D:5      | Found an iron altar of Okawaru.
  4612 | D:5      | a black bear changed into a troll
  4612 | D:5      | Noticed a troll
  4612 | D:5      | XOM: polymorph black bear -> troll
  4615 | D:5      | Killed a troll
  4616 | D:5      | Mutation became permanent: You are covered in fur. (AC +1)
                  | [Felid growth]
  4616 | D:5      | Gained mutation: You are covered in thick fur. (AC +2)
                  | [Felid growth]
  4616 | D:5      | Reached XP level 6. HP: 9/28 MP: 4/10
  4747 | D:5      | XOM: silly message
  4764 | D:5      | Reached skill level 5 in Dodging
  4764 | D:5      | Reached XP level 7. HP: 32/32 MP: 1/11
  4991 | D:5      | Found Daceish's Magic Scroll Boutique.
  5021 | D:5      | XOM: enchant monster (good)
  5028 | D:5      | XOM: 1-stop teleportation journey
  5050 | D:5      | XOM: chaos upgrade
  5187 | D:4      | XOM: summons friendly iron imp
  5190 | D:4      | Killed Duvessa
  5216 | D:4      | XOM: chaos upgrade
  5221 | D:4      | Killed Dowan
  5358 | D:5      | Bought a scroll of fear for 52 gold pieces
  5358 | D:5      | Bought a scroll of teleportation for 39 gold pieces
  5421 | D:5      | XOM: confusion (+ monsters)
  5552 | D:5      | XOM: polymorph quokka -> giant cockroach
  5555 | D:5      | XOM: confusion (+ monsters)
  5578 | D:5      | Found a staircase to the Ecumenical Temple.
  5635 | D:5      | Found Ibbyab's Assorted Antiques.
  5649 | D:5      | XOM: polymorph quokka -> bat
  5657 | D:5      | Bought a scroll labelled HUPOUC WAJUBO for 29 gold pieces
  5657 | D:5      | Bought a scroll labelled HUPOUC WAJUBO for 29 gold pieces
  5657 | D:5      | Bought a scroll of identify for 58 gold pieces
  5657 | D:5      | Acquired the ring "Eciezil" {rElec rC+ Dex+6}
  5659 | D:5      | Acquired a book of Rime
  5666 | D:5      | Learned a level 4 spell: Ice Form
  5712 | Temple   | Entered the Ecumenical Temple
  5821 | Temple   | XOM: noise
  5841 | Temple   | Fell from the grace of Xom
  5841 | Temple   | Became a worshipper of Gozag Ym Sagoz the Greedy
  5913 | D:5      | Lost mutation: You are clumsy. (Dex -2) [potion of
                  | mutation]
  5913 | D:5      | Lost mutation: You occasionally shout uncontrollably at
                  | your foes. [potion of mutation]
  5913 | D:5      | Lost mutation: You have a pair of small horns on your head.
                  | [potion of mutation]
  5913 | D:5      | Gained mutation: You sometimes lose your temper in combat.
                  | [potion of mutation]
  5913 | D:5      | Lost mutation: You sometimes lose your temper in combat.
                  | [potion of mutation]
  5913 | D:5      | Gained mutation: You are vulnerable to heat. (rF-) [potion
                  | of mutation]
  5968 | D:6      | Reached skill level 1 in Transmutations
  6205 | D:4      | Reached skill level 2 in Transmutations
  6205 | D:4      | Reached skill level 1 in Ice Magic
  6205 | D:4      | Reached XP level 8. HP: 23/36 MP: 1/13
  6329 | D:4      | Learned a level 4 spell: Summon Ice Beast
  6359 | D:5      | XOM: give mutations
  6359 | D:5      | Gained mutation: Your body sometimes deteriorates upon
                  | taking damage. [Xom's mischief]
  6359 | D:5      | Gained mutation: You are dopey. (Int -2) [Xom's mischief]
  6359 | D:5      | Gained mutation: You occasionally lose the ability to drink
                  | potions when taking damage. [Xom's mischief]
  6415 | D:5      | Succumbed to a water moccasin's poison
  6416 | D:5      | Reached XP level 7. HP: 0/33 MP: 7/12
  6651 | D:5      | XOM: noise
  6806 | D:5      | Reached skill level 3 in Transmutations
  7137 | D:4      | XOM: give mutations
  7137 | D:4      | Gained mutation: You occasionally shout uncontrollably at
                  | your foes. [Xom's mischief]
  7137 | D:4      | Gained mutation: You are clumsy. (Dex -2) [Xom's mischief]
  7294 | D:5      | Killed Menkaure
  7295 | D:5      | Reached skill level 4 in Transmutations
  7317 | D:6      | Reached XP level 8. HP: 15/34 MP: 9/14
  7512 | D:6      | Reached skill level 5 in Transmutations
  7633 | D:6      | You fall into a shaft and drop 1 floor!
  7767 | D:5      | XOM: god gift: giant spiked club {god gift}
  8016 | D:6      | XOM: give mutations
  8016 | D:6      | Gained mutation: You are frail. (-10% HP) [Xom's mischief]
  8016 | D:6      | Gained mutation: You expend magic power (3 MP) to
                  | strengthen your wands. [Xom's mischief]
  8017 | D:6      | Reached skill level 6 in Transmutations
  8176 | D:6      | Reached XP level 9. HP: 35/35 MP: 9/17
  8280 | D:6      | Reached skill level 5 in Spellcasting
  8461 | D:6      | Reached skill level 7 in Transmutations
  8545 | D:6      | Reached skill level 5 in Summonings
  8686 | D:6      | XOM: god gift: wand of light (5)
  9013 | D:6      | XOM: give mutations
  9013 | D:6      | Gained mutation: You have hidden genetic potential. [Xom's
                  | grace]
  9013 | D:6      | Gained mutation: You have a pair of small antennae on your
                  | head. [Xom's grace]
  9013 | D:6      | Gained mutation: Your flesh is cold resistant. (rC+) [Xom's
                  | grace]
  9327 | D:7      | Reached skill level 8 in Transmutations
  9560 | D:7      | XOM: cloud trail
  9572 | D:7      | Found a snail-covered altar of Cheibriados.
  9573 | D:7      | Found a shimmering altar of Xom.
  9696 | D:7      | Found a large runed translucent door.
  9696 | D:7      | Noticed Vylera's ghost (novice DjWn)
  9697 | D:7      | Found a large runed translucent door.
  9782 | D:7      | XOM: stat loss: -2 Str (5/8)
 10018 | D:7      | XOM: summons 14 hostile demons
 10019 | D:7      | Noticed a red devil
 10032 | D:7      | Gained mutation: Your spells are a little easier to cast,
                  | but a little less powerful. [a neqoxec]
 10346 | D:7      | XOM: stat loss: -3 Int (9/15)
 10389 | D:7      | Found a white marble altar of Elyvilon.
 10541 | D:8      | Noticed a two-headed ogre
 10578 | D:7      | Lost mutation: You expend magic power (3 MP) to strengthen
                  | your wands. [potion of mutation]
 10578 | D:7      | Lost mutation: You are frail. (-10% HP) [potion of
                  | mutation]
 10632 | D:8      | XOM: noise
 10687 | D:8      | Reached skill level 5 in Ice Magic
 10797 | D:8      | Noticed a faun
 10828 | D:7      | XOM: give mutation
 10828 | D:7      | Lost mutation: Your body sometimes deteriorates upon taking
                  | damage. [Xom's mischief]
 11113 | D:8      | Reached skill level 9 in Transmutations
 11113 | D:8      | Reached XP level 10. HP: 34/43 MP: 8/20
 11710 | D:9      | Noticed a gargoyle
 11723 | D:9      | XOM: confusion
 11741 | D:9      | Killed a gargoyle
 11749 | D:9      | XOM: give mutations
 11749 | D:9      | Lost mutation: You occasionally lose the ability to drink
                  | potions when taking damage. [Xom's mischief]
 11749 | D:9      | Gained mutation: You are strong-willed. (Will+) [Xom's
                  | mischief]
 11749 | D:9      | Gained mutation: You frequently scream uncontrollably at
                  | your foes. [Xom's mischief]
 11749 | D:9      | Lost mutation: Your spells are a little easier to cast, but
                  | a little less powerful. [Xom's mischief]
 11778 | D:9      | XOM: confusion
 11797 | D:9      | Reached skill level 5 in Stealth
 12115 | D:8      | Reached skill level 5 in Fighting
 12148 | D:8      | Killed a two-headed ogre
 12149 | D:8      | Reached skill level 5 in Unarmed Combat
 12530 | D:6      | Bought the ring "Humygi" {Fire Int+9} for 712 gold pieces
 12571 | D:7      | XOM: stat loss: -3 Dex (18/21)
 12598 | D:8      | XOM: stat loss: -3 Str (3/8)
 13396 | D:8      | Found a staircase to the Lair.
 13433 | D:8      | XOM: cloud trail
 13526 | D:8      | XOM: give mutations
 13526 | D:8      | Gained mutation: Your body sometimes deteriorates upon
                  | taking damage. [Xom's mischief]
 13526 | D:8      | Lost mutation: You are vulnerable to heat. (rF-) [Xom's
                  | mischief]
 13526 | D:8      | Lost mutation: You frequently scream uncontrollably at your
                  | foes. [Xom's mischief]
 13526 | D:8      | Was forgiven by Xom
 13638 | D:9      | HP: 3/66 [killer bee (5)]
 13639 | D:9      | Slain by a killer bee
 13640 | D:9      | Reached XP level 9. HP: -1/60 MP: 20/20
 13764 | D:9      | Reached XP level 10. HP: 45/45 MP: 13/21
 13890 | D:9      | Noticed a two-headed ogre
 13932 | D:9      | Reached skill level 10 in Transmutations
 14154 | D:9      | Noticed Pikel
 14214 | Lair:1   | Entered Level 1 of the Lair of Beasts
 14222 | Lair:1   | Noticed a cane toad
 14235 | Lair:1   | Killed a cane toad
 14440 | Lair:1   | Found a runed translucent gate.
 14440 | Lair:1   | Found a runed translucent gate.
 14440 | Lair:1   | Found a runed translucent gate.
 14440 | Lair:1   | Noticed a great orb of eyes
 14441 | Lair:1   | Found a viscous altar of Jiyva.
 14441 | Lair:1   | Noticed Rijiq's ghost (journeyman GrEE)
 14464 | Lair:1   | Noticed an elephant
 14522 | Lair:1   | Lost mutation: You are dopey. (Int -2) [hidden potential]
 15016 | Lair:2   | Found a hole to the Spider Nest.
 15533 | Lair:2   | Reached XP level 11. HP: 35/49 MP: 18/23
 16042 | Lair:2   | Noticed a ghost crab
 16361 | Lair:1   | Mangled by an elephant
 16362 | Lair:1   | Reached XP level 10. HP: -6/55 MP: 20/22
 16388 | Lair:1   | Killed an elephant
 17422 | Lair:3   | Noticed an elephant
 17422 | Lair:3   | Noticed an elephant
 17422 | Lair:3   | Noticed an elephant
 17422 | Lair:3   | Noticed an elephant
 17422 | Lair:3   | Noticed an elephant
 17422 | Lair:3   | Noticed an elephant
 17473 | Lair:3   | Killed an elephant
 17490 | Lair:3   | Noticed a black mamba
 17499 | Lair:3   | Killed a black mamba
 17674 | Lair:3   | Noticed a death yak
 17697 | Lair:3   | Noticed a black mamba
 17706 | Lair:3   | Found a gate leading to a gauntlet.
 17714 | Gauntlet | Entered a Gauntlet
 17714 | Gauntlet | Found a transporter.
 17728 | Gauntlet | Noticed a soul eater
 17738 | Gauntlet | Found a transporter.
 17748 | Gauntlet | Found a transporter.
 17750 | Gauntlet | Found a large runed translucent door.
 17751 | Gauntlet | Found a large runed translucent door.
 17752 | Gauntlet | Found a large runed translucent door.
 17752 | Gauntlet | Found a large runed translucent door.
 17752 | Gauntlet | Found a runed translucent door.
 17753 | Gauntlet | Found a transporter.
 17754 | Gauntlet | Found a runed translucent door.
 17755 | Gauntlet | Found a large runed translucent door.
 17755 | Gauntlet | Found a large runed translucent door.
 17756 | Gauntlet | Found a large runed translucent door.
 17757 | Gauntlet | Found a large runed translucent door.
 17763 | Gauntlet | Found a large runed translucent door.
 17763 | Gauntlet | Found a large runed translucent door.
 17764 | Gauntlet | Found a large runed translucent door.
 17764 | Gauntlet | Found a large runed translucent door.
 17765 | Gauntlet | Found a large runed translucent door.
 17765 | Gauntlet | Found a large runed translucent door.
 17766 | Gauntlet | Found a runed translucent gate.
 17766 | Gauntlet | Found a runed translucent gate.
 17766 | Gauntlet | Found a runed translucent gate.
 17768 | Gauntlet | Found a transporter.
 17778 | Gauntlet | Found a large runed translucent door.
 17778 | Gauntlet | Noticed an entropy weaver
 17779 | Gauntlet | Found a large runed translucent door.
 17787 | Gauntlet | Found a transporter.
 17799 | Gauntlet | Found a transporter.
 17805 | Gauntlet | Found a transporter.
 17819 | Gauntlet | Noticed a death yak
 17820 | Gauntlet | Found a transporter.
 17820 | Gauntlet | Noticed a death yak
 17821 | Gauntlet | Noticed a death yak
 17823 | Gauntlet | Noticed a torpor snail
 17831 | Gauntlet | Noticed a wizard
 17832 | Gauntlet | Found a transporter.
 17832 | Gauntlet | Noticed a wizard
 17843 | Gauntlet | Noticed an apocalypse crab
 17844 | Gauntlet | Found a transporter.
 17861 | Gauntlet | Found a transporter.
 17879 | Gauntlet | Found a transporter.
 17881 | Gauntlet | Found a transporter.
 17882 | Gauntlet | Noticed an ice statue
 17908 | Gauntlet | Found a transporter.
 17928 | Gauntlet | Found a transporter.
 18018 | Gauntlet | Found a transporter.
 18155 | Gauntlet | Found a transporter.
 18216 | Gauntlet | Slain by a soul eater

Illustrated notes

Levels and vault maps discovered:
D:1:      minmay_arrival_arboretum_small, layout_loops_corners, serial_forest,
          infiniplex_forest_clump_diagonal, infiniplex_forest_clump_small,
          infiniplex_forest_fountain, infiniplex_forest_zigzag_1,
          infiniplex_forest_lined_corner, infiniplex_forest_clump_C,
          infiniplex_forest_end_3, infiniplex_forest_clump_double
D:2:      layout_loops_cross, roderic_nine_men_s_morris
D:3:      layout_rooms, shapermc_ecumenical_altar_mp_vishouse, uniq_robin
D:4:      layout_cave_pods, mainiacjoe_overflow_alcove_1, serial_park_tiny_pond,
          st_stairs_9, patterned_corridor, uniq_duvessa
D:5:      layout_loops_ring, mainiacjoe_overflow_alcove_3,
          minmay_temple_entry_poolview, serial_shops, shop_fountains,
          nicolae_square_shop, shop, uniq_menkaure
D:6:      minmay_angry_zag, layout_basic, minmay_stone_trees_medium,
          minmay_diced_spiral
D:7:      layout_basic, mainiacjoe_overflow_alcove_4,
          gammafunk_temple_overflow_pools, ebering_ghost_disaster_area
D:8:      minmay_ornate_pinched, layout_cave_pools, david_lair_generic,
          minmay_starry_boxes
D:9:      cheibrodos_fzero, layout_basic, overflow_temple_1_default, uniq_pikel
Temple:   compressed_dpeg_triangle_lava_temple
Lair:1:   layout_concentric_octagons, gammafunk_ghost_ooze,
          cheibrodos_lair_caveside_slide, chequers_serial_rivers_micro_b,
          minivault_27, beast_lair_carwin_2, lemuel_fruit_fields,
          infiniplex_staircase_pool_2
Lair:2:   layout_roguey, nicolae_swamp_entry_spooky, spider_nest_entry_a,
          minivault_25, lemuel_fruit_tree
Lair:3:   layout_small_grid, gauntlet_entry_generic
Gauntlet: gammafunk_gauntlet_one_two_three
          [gammafunk_gauntlet_arena_arrow_garden,
          gammafunk_gauntlet_arena_split_x, nicolae_gauntlet_arena_t_cross,
          minmay_gauntlet_arena_make_your_own_arena,
          gammafunk_gauntlet_arena_split_diamond, nicolae_gauntlet_arena_x,
          gammafunk_gauntlet_arena_chambers, nicolae_gauntlet_arena_quarters,
          nicolae_gauntlet_swirl, gauntlet_exit_watery]

Skill      XL: |  1  2  3  4  5  6  7  8  9 10 11 |
---------------+----------------------------------+-----
Stealth        | 1 2 3 4 9 8 |  9.0
Spellcasting   | 1 2 3 4 6 7 |  7.9
Summonings     | 1 3 4 5 |  5.0
Dodging        | 4 5 7 8 |  8.9
Fighting       | 4 7 |  7.0
Unarmed Combat | 4 7 |  7.0
Transmutations | 4 6 9 10 | 10.9
Ice Magic      | 2 3 5 |  5.0
Conjurations   | |  0.3

Action                   |  1- 3 |  4- 6 |  7- 9 | 10-12 || total
-------------------------+-------+-------+-------+-------++-------
Melee: Unarmed           |    81 |   117 |   378 |   387 ||   963
       Bite              |    12 |    14 |     8 |       ||    34
       Punch             |       |     3 |     2 |     3 ||     8
       Headbutt          |       |     6 |     7 |       ||    13
 Cast: Magic Dart        |    23 |    17 |    32 |       ||    72
       Summon Small Mamm |    11 |    86 |    84 |       ||   181
       Ice Form          |       |       |    37 |    49 ||    86
       Blink             |       |       |     1 |       ||     1
       Summon Ice Beast  |       |       |    15 |    61 ||    76
Invok: Call Merchant     |       |       |     1 |       ||     1
Evoke: Piece from Xom's  |     5 |       |     1 |     1 ||     7
       Wand              |       |       |       |     5 ||     5
  Use: Scroll            |     4 |     6 |    13 |    11 ||    34
       Potion            |     1 |       |     4 |     5 ||    10
 Stab: Sleeping          |     3 |     1 |     2 |     3 ||     9
       Confused          |     1 |       |       |       ||     1
       Distracted        |       |       |     3 |     6 ||     9
       Invisible         |       |       |       |     6 ||     6
Armor: Skin              |    12 |    14 |   138 |   139 ||   303
Dodge: Dodged            |   101 |   148 |   356 |   341 ||   946

Table legend: (Time is in decaauts)
 A = Elapsed time spent in this place.
 B = Non-inter-level travel time spent in this place.
 C = Inter-level travel time spent in this place.
 D = Time resting spent in this place.
 E = Time spent auto-exploring this place.
 F = Levels seen in this place.
 G = Mean time per level.
                   A        B        C        D        E       F      G
               +--------+--------+--------+--------+--------+-----+--------+
         Total |  16424 |  15898 |    526 |    428 |  10778 |  14 | 1173.1 |
       Dungeon |  12802 |  12352 |    450 |    418 |   8224 |   9 | 1422.4 |
        Temple |    111 |    111 |      0 |      0 |     80 |   1 |  111.0 |
          Lair |   3090 |   3015 |     75 |     10 |   2225 |   3 | 1030.0 |
      Gauntlet |    420 |    420 |      0 |      0 |    248 |   1 |  420.0 |
               +--------+--------+--------+--------+--------+-----+--------+

Top non-repeatable levels by time:
     D:7: 2115 daAuts
     D:5: 1900 daAuts
     D:8: 1736 daAuts
     D:4: 1732 daAuts
  Lair:1: 1625 daAuts
     D:6: 1602 daAuts
  Lair:2: 1210 daAuts
     D:9: 980 daAuts
     D:2: 958 daAuts
     D:3: 889 daAuts
     D:1: 887 daAuts
Gauntlet: 420 daAuts
  Lair:3: 253 daAuts
  Temple: 111 daAuts
